 Dungeon Crawl Stone Soup version 0.27-a0-1555-g0e7b3fb1d2 (webtiles) character file.

Game seed: 12352854911538889106

12 Spect the Vexing (level 2, -2/16 HPs)
             Began as a Deep Elf Arcane Marksman on July 15, 2021.
             Slain by a quokka (3 damage)
             ... on level 1 of the Dungeon.
             The game lasted 00:06:19 (1387 turns).

Spect the Vexing (Deep Elf Arcane Marksman)         Turns: 1387, Time: 00:06:19

Health: -2/16      AC:  2    Str:  4 (7)  XL:     2   Next: 20%
Magic:  6/6        EV: 12    Int: 16 (17) God:
Gold:   24         SH:  0    Dex: 14 (15) Spells: 3/4 levels left

rFire    . . .     SeeInvis .   f - +0 dagger
rCold    . . .     Faith    .   (no shield)
rNeg     . . .     Spirit   .   d - +0 robe
rPois    .         Reflect  .   (no helmet)
rElec    .         Harm     .   (no cloak)
rCorr    .         Rampage  .   (no gloves)
Will     .....                  (no boots)
Stlth    +.........             (no amulet)
HPRegen  0.05/turn              (no ring)
MPRegen  0.10/turn              (no ring)

@: no status effects
A: no striking features
a: no special abilities


You were on level 1 of the Dungeon.
You visited 1 branch of the dungeon, and saw 1 of its levels.

You collected 24 gold pieces.

Inventory:

Hand Weapons
 a - a +0 shortbow
 f - a +0 dagger (weapon)
Missiles
 b - 13 sling bullets
 c - 19 arrows
 g - 42 stones (quivered)
Armour
 d - a +0 robe (worn)
Scrolls
 e - a scroll of noise {unknown}
 h - a scroll of identify {unknown}
 i - a scroll of silence {unknown}
Potions
 k - a potion of heal wounds {unknown}


   Skills:
 + Level 1.1 Fighting
 + Level 0.8 Short Blades
 + Level 3.2 Bows
 - Level 2.4 Dodging
 - Level 1.5 Spellcasting
 - Level 4.0 Hexes


You had 3 spell levels left.
You knew the following spells:

 Your Spells              Type           Power      Damage    Failure   Level
a - Corona                Hex            15%        N/A       4%          1

Your spell library contained the following spells:

 Spells                   Type           Power      Damage    Failure   Level
 Slow                     Hex            14%        N/A       6%          2
 Sting                    Tmut/Pois      4%         1d3       22%         1
 Inner Flame              Hex/Fire       7%         N/A       28%         3
 Portal Projectile        Hex/Tloc       14%        N/A       28%         3
 Poisonous Vapours        Pois/Air       2%         N/A       32%         2
 Cause Fear               Hex            7%         N/A       38%         4
 Olgreb's Toxic Radiance  Pois           1%         N/A       91%         4


Dungeon Overview and Level Annotations

Branches:
Dungeon (1/15)

Altars:


Message History

You closely miss the quokka.
The quokka is moderately wounded.
The quokka closely misses you.
You barely miss the quokka.
The quokka is moderately wounded.
The quokka barely misses you.
You barely miss the quokka.
The quokka is moderately wounded.
The quokka closely misses you.
You barely miss the quokka.
The quokka is moderately wounded.
The quokka bites you but does no damage.
The quokka closely misses you.
You barely miss the quokka.
The quokka is moderately wounded.
The quokka bites you.
You hit the quokka but do no damage.
The quokka is moderately wounded.
The quokka bites you.
You miss the quokka.
The quokka is moderately wounded.
The quokka bites you. The quokka bites you.
* * * LOW HITPOINT WARNING * * *
The quokka closely misses you. The quokka closely misses you.
The quokka barely misses you. The quokka barely misses you.
The quokka bites you.
* * * LOW HITPOINT WARNING * * *
Press: ? - help, v - describe, . - travel
Here: a quokka The floor.
You aren't carrying any items that you can evoke.
Unknown command.
It was a potion of degeneration.
There was something very wrong with that liquid.
You feel weakened.
You feel dopey.
You feel clumsy. The quokka bites you.
You die...

≈≈≈≈≈≈.≈...##..# #..##.##...##.##
≈≈≈≈≈≈≈........# #..##.##.<.##.##
≈≈≈≈≈≈.........# #..##.##...##.##
..♣≈≈≈≈........# #...#..#####..#.
._.≈≈≈.........####..##.......##.
≈.≈≈≈≈.≈........# #...####J####..
≈≈≈≈≈≈.....##...# ##....##+##....
≈≈≈≈≈≈..#####...## ##...........#
≈≈≈≈≈≈.≈#####...@## ###.......###
.≈≈.≈≈≈≈.........r###############
..≈.≈.≈..............###########.
###..............................
#..............................
#..............################
#...†..........# #..............#
##............##


You could see a quokka.

Vanquished Creatures
  A dart slug (D:1)
  An endoplasm (D:1)
  2 goblins (D:1)
  A hobgoblin (D:1)
  A ball python (D:1)
  2 bats (D:1)
  A frilled lizard (D:1)
  A kobold (D:1)
10 creatures vanquished.

Notes
Turn   | Place    | Note
-------+----------+-------------------------------------------
     0 | D:1      | Spect the Deep Elf Arcane Marksman began the quest for the
                  | Orb.
     0 | D:1      | Reached XP level 1. HP: 11/11 MP: 5/5
   651 | D:1      | Reached skill level 1 in Fighting
   858 | D:1      | Reached XP level 2. HP: 16/16 MP: 6/6
  1006 | D:1      | Found a faded altar of an unknown god.
  1387 | D:1      | Slain by a quokka

Illustrated notes

Levels and vault maps discovered:
D:1:      dpeg_arrival_concentric_ovals, layout_rooms,
          chequers_ecumenical_altar_island

Skill      XL: |  1 |
---------------+----+-----
Bows           | 3 |  3.2
Fighting       | 1 |  1.1
Short Blades   | |  0.8
Dodging        | |  2.4
Spellcasting   | |  1.5
Hexes          | |  4.0

Action                   || total
-------------------------++-------
Melee: Dagger            ||    49
       Club              ||     9
 Fire: Shortbow          ||    14
  Use: Potion            ||     1
 Stab: Sleeping          ||     1
Armor: Robe              ||    23
Dodge: Dodged            ||    51

Table legend: (Time is in decaauts)
 A = Elapsed time spent in this place.
 B = Non-inter-level travel time spent in this place.
 C = Inter-level travel time spent in this place.
 D = Time resting spent in this place.
 E = Time spent auto-exploring this place.
 F = Levels seen in this place.
 G = Mean time per level.
                   A        B        C        D        E       F      G
               +--------+--------+--------+--------+--------+-----+--------+
         Total |   1390 |   1390 |      0 |    538 |    261 |   1 | 1390.0 |
       Dungeon |   1390 |   1390 |      0 |    538 |    261 |   1 | 1390.0 |
               +--------+--------+--------+--------+--------+-----+--------+

Top non-repeatable levels by time:
     D:1: 1390 daAuts
